 Dungeon Sprint DCSS version 0.26-a0-1213-gd52f5182fe (webtiles) character file.

Game seed: 12413280950397750652

110 JoshKwa the Cudgeller (level 4, -1/32 HPs)
             Began as a Gargoyle Berserker on Dec 30, 2020.
             Was a Priest of Trog.
             Slain by an adder (4 damage)
             ... in the Dungeon (Sprint IX: "|||||||||||||||||||||||||||||").
             The game lasted 00:00:50 (66 turns).

JoshKwa the Cudgeller (Gargoyle Berserker)            Turns: 66, Time: 00:00:50

Health: -1/32      AC:  5    Str: 22    XL:     4   Next: 91%
Magic:  4/4        EV: 13    Int:  7    God:    Trog [***...]
Gold:   0          SH:  0    Dex:  9    Spells: 3/3 levels left

rFire    . . .     SeeInvis .   a - +0 mace
rCold    . . .     Faith    .   (no shield)
rNeg     + . .     Spirit   .   b - +0 animal skin
rPois    ∞         Reflect  .   (no helmet)
rElec    +         Harm     .   (no cloak)
rCorr    .         Rampage  .   (no gloves)
Will     .....     NoTele   +   (no boots)
Stlth    +.........             (no amulet)
HPRegen  0.10/turn              (no ring)
MPRegen  0.09/turn              (no ring)

@: berserk cooldown, hasted and slowed
A: negative energy resistance 1, electricity resistance, unbreathing,
petrification resistance, miasma immunity, AC +3
a: Renounce Religion, Berserk, Trog's Hand


You were in the Dungeon.
You worshipped Trog.
Trog was most pleased with you.
You visited 1 branch

Inventory:

Hand Weapons
 a - a +0 mace (weapon)
Armour
 b - a +0 animal skin (worn)
Scrolls
 h - a scroll of blinking
Potions
 f - 2 potions of magic


   Skills:
 + Level 6.6 Fighting
 + Level 6.9 Maces & Flails
 + Level 3.5 Armour
 + Level 3.1 Dodging


You had 3 spell levels left.
You didn't know any spells.
Your spell library was empty.

Dungeon Overview and Level Annotations

Branches:
Dungeon (1/1)

Altars:


Innate Abilities, Weirdness & Mutations

You are resistant to torment.
Your stone body is resilient. (AC +3)
You are immune to poison.
You resist negative energy. (rN+)
You are resistant to electric shocks. (rElec)
You can survive without breathing.
You are immune to petrification.
You are immune to miasma.


Message History

The phantom hits you.
The phantom blinks!
The adder barely misses you.
Things that are here:
a +0 dagger; a stone; a kobold corpse You thump the phantom!
The phantom is severely damaged.
The adder barely misses you. The phantom misses you.
The adder bites you but does no damage.
You closely miss the phantom.
The phantom is severely damaged.
The phantom hits you.
* * * LOW HITPOINT WARNING * * *
The adder bites you.
* * * LOW HITPOINT WARNING * * *
You barely miss the phantom.
The phantom is severely damaged.
The phantom barely misses you. The adder bites you but does no damage.
You hit the phantom.
The phantom is almost destroyed.
The adder bites you.
You die...

▓▓▓
▓<▓
▓.▓
▓.▓
▓.▓
▓W▓
▓@▓
▓S▓
▓o▓
▓.▓
▓.▓
▓†▓
▓.▓
▓.▓
▓.▓


You could see a phantom, an adder and an orc.

Vanquished Creatures
  A sky beast (D)
  An adder (D)
  An ooze (D)
  A dart slug (D)
  A bat (D)
  A goblin (D)
  A kobold (D)
7 creatures vanquished.

Notes
Turn   | Place    | Note
-------+----------+-------------------------------------------
     0 | D        | JoshKwa the Gargoyle Berserker began the quest for the Orb.
     0 | D        | Reached XP level 1. HP: 14/14 MP: 1/1
    13 | D        | Reached ** piety under Trog
    16 | D        | Reached XP level 2. HP: 19/20 MP: 2/2
    28 | D        | Noticed a phantom
    28 | D        | Noticed a sky beast
    42 | D        | Killed a sky beast
    42 | D        | Reached *** piety under Trog
    43 | D        | Reached XP level 3. HP: 11/28 MP: 3/3
    43 | D        | Reached XP level 4. HP: 13/32 MP: 4/4
    66 | D        | Slain by an adder

Illustrated notes

Levels and vault maps discovered:
D:        linesprint [early_d, line_temple, items_1, d_10, items_2, lair_1,
          lair_end, items_3, orc_1, orc_end, items_4, d_15, swamp_1, shoals_1,
          snake_1, spider_1, d_20, vaults_1, items_5, swamp_end, shoals_end,
          snake_end, spider_end, vaults_end, d_27, items_6, zot_1, zot_end,
          crypt_end, forest_end, elf_end, slime_end, tomb_end, abyss_end,
          pan_hell_end]

Skill      XL: |  1  2 |
---------------+-------+-----
Fighting       | 4 6 |  6.6
Maces & Flails | 4 6 |  6.9
Dodging        | 3 |  3.1
Armour         | 3 |  3.5

Action                   |  1- 3 |  4- 6 || total
-------------------------+-------+-------++-------
Melee: Mace              |    31 |    17 ||    48
  Use: Potion            |     1 |     3 ||     4
Armor: Animal skin       |     7 |     8 ||    15
Dodge: Dodged            |    18 |    25 ||    43

Table legend: (Time is in decaauts)
 A = Elapsed time spent in this place.
 B = Non-inter-level travel time spent in this place.
 C = Inter-level travel time spent in this place.
 D = Time resting spent in this place.
 E = Time spent auto-exploring this place.
 F = Levels seen in this place.
 G = Mean time per level.
                   A        B        C        D        E       F      G
               +--------+--------+--------+--------+--------+-----+--------+
         Total |     70 |     70 |      0 |      0 |      0 |   1 |   70.0 |
       Dungeon |     70 |     70 |      0 |      0 |      0 |   1 |   70.0 |
               +--------+--------+--------+--------+--------+-----+--------+

Top non-repeatable levels by time:
       D: 70 daAuts
